 Dungeon Crawl Stone Soup version 0.31-a0-115-g4708a659fe (webtiles) character file.

Game seed: 5860985592138617128

149 Jeffwins the Shooter (level 5, 0/27 HPs)
             Began as a Vine Stalker Wanderer on May 29, 2023.
             Slain by an iguana (9 damage)
             ... on level 4 of the Dungeon.
             The game lasted 00:03:15 (2539 turns).

Jeffwins the Shooter (Vine Stalker Wanderer)        Turns: 2539, Time: 00:03:16

Health: 0/27       AC:  7    Str: 19    XL:     5   Next: 31%
Magic:  0/8        EV: 12    Int: 16    God:
Gold:   58         SH:  0    Dex: 13    Spells: 1/7 levels left

rFire   . . .        a - +3 sling
rCold   . . .        (no shield)
rNeg    . . .        c - +0 robe
rPois   .            (no helmet)
rElec   .            j - +0 cloak
rCorr   .            x - +2 pair of gloves
SInv    .            e - +0 pair of boots
Will    .....        (no amulet)
Stlth   ++           S - +6 ring of strength
HPRegen 1.04/turn    (no ring)
MPRegen 0.11/turn

%: guardian spirit
@: no status effects
A: fangs 2, regeneration 1, magic shield, antimagic bite, no potion heal 2
a: no special abilities


You were on level 4 of the Dungeon.
You visited 1 branch of the dungeon, and saw 4 of its levels.

You collected 198 gold pieces.
You spent 140 gold pieces at shops.


Innate Abilities, Weirdness & Mutations

You have extremely sharp teeth.
Your natural rate of healing is unusually fast.
When hurt, damage is shared between your health and your magic reserves.
Your bite disrupts and absorbs the magic of your enemies.
Potions cannot restore your health.


   Skills:
 + Level 2.3 Fighting
 * Level 2.9 Ranged Weapons
 + Level 0.8 Throwing
 - Level 1.0 Armour
 - Level 1.5 Dodging
 + Level 2.0 Stealth
 + Level 1.7 Spellcasting
 * Level 2.3 Summonings
 + Level 0.1 Translocations
 + Level 1.4 Evocations


You had one spell level left.
You knew the following spells:

 Your Spells              Type           Power      Damage    Failure   Level
f - Summon Small Mammal   Summ           36%        N/A       9%          1
z - Call Canine Familiar  Summ           9%         N/A       24%         3
I - Blink                 Tloc           2%         N/A       30%         2

Your spell library contained the following spells:

 Spells                   Type           Power      Damage    Failure   Level
 Lesser Beckoning         Tloc           2%         N/A       30%         2
 Momentum Strike          Conj/Tloc      2%         3d8       30%         2
 Cigotuvi's Dreadful Rot  Necr/Pois/Air  2%         N/A       32%         2
 Ensorcelled Hibernation  Hex/Ice        2%         N/A       32%         2
 Ignite Poison            Fire/Tmut/Pois 1%         N/A       54%         3
 Spider Form              Tmut/Pois      1%         N/A       54%         3
 Anguish                  Hex/Necr       0%         N/A       91%         4
 Freezing Cloud           Conj/Ice/Air   0%         6-21      99%         5

Inventory:

Hand Weapons
 a - a +3 sling (weapon)
 s - a +0 morningstar
Missiles
 m - 5 curare-tipped darts {=f}
 r - 5 poisoned darts
Armour
 c - a +0 robe (worn)
 e - a +0 pair of boots (worn)
 j - a +0 cloak (worn)
 x - a +2 pair of gloves (worn)
Jewellery
 S - a +6 ring of strength (left hand)
Wands
 u - a wand of acid (7)
Scrolls
 b - 2 scrolls of fear
 d - 3 scrolls of teleportation {@r4}
 f - a scroll of magic mapping
 o - 3 scrolls of vulnerability {!r}
 p - a scroll of immolation {!r}
 q - a scroll of butterflies
 y - a scroll of identify {@r1}
Potions
 g - a potion of might {unknown}
 h - a potion of heal wounds {unknown}
 i - a potion of cancellation {unknown}
 k - a potion of curing {unknown}
 l - a potion of magic {unknown}
 n - a potion of haste {unknown}
 t - 3 potions of lignification {unknown}
 v - a potion of mutation {unknown}
 w - a potion of resistance {unknown}

Dungeon Overview and Level Annotations

Branches:
Dungeon (4/15)
 Temple: D:4-7

Altars:
Fedhas
Kikubaaqudgha
Trog
Yredelemnul

Shops:
D:3

? #####.####....#####
#<.##..#..## #
##.##.###..### #.#####
#....# #....## #......
##..## ##..... #......
#..# ###.## #......
##..## #...
......l####....#######..
.......@....##...##.....
.....$.###..####.##.##..
..............##....####
.##.###.................
# #.........#.......
#########...#.....
##..#..... .........
[..##.....


You could see an iguana.


Message History

No target in view!
You shoot a sling bullet. The sling bullet hits the hobgoblin.
The hobgoblin is almost dead.
The hobgoblin barely misses you.
You shoot a sling bullet. The sling bullet hits the hobgoblin.
You kill the hobgoblin!
The iguana bites you!
You shoot a sling bullet. The sling bullet hits the iguana!
The iguana is severely wounded.
The iguana bites you!
You shoot a sling bullet. The sling bullet hits the iguana.
The iguana is severely wounded.
The iguana closely misses you.
You shoot a sling bullet. The sling bullet hits the iguana.
The iguana is almost dead.
The iguana bites you!
* * * LOW HITPOINT WARNING * * *
Unknown command.
You are too injured to fight recklessly!
Unknown command.
You shoot a sling bullet.
The sling bullet barely misses the iguana.
The iguana misses you.
Unknown command.
You shoot a sling bullet. The sling bullet hits the iguana.
The iguana is almost dead.
The iguana bites you.
* * * LOW HITPOINT WARNING * * *
The iguana bites you!
You die...

Skill      XL: |  1  2  3  4  5 |
---------------+----------------+-----
Ranged Weapons | 2 |  2.9
Fighting       | 2 |  2.3
Stealth        | 1 2 |  2.0
Summonings     | 2 |  2.3
Throwing       | |  0.8
Armour         | |  1.0
Dodging        | |  1.5
Spellcasting   | |  1.7
Translocations | |  0.1
Evocations     | |  1.4

Action                     |  1- 3 |  4- 6 || total
---------------------------+-------+-------++-------
   Fire: Sling             |    83 |    87 ||   170
   Cast: Summon Small Mamm |     1 |       ||     1
    Use: Scroll            |       |     4 ||     4
 Armour: Robe              |     5 |    12 ||    17
  Dodge: Dodged            |    17 |    39 ||    56

Levels and vault maps discovered:
D:1:      erik_arrival_cave_to_civilisation [erik_arrival_cave_to_hall],
          layout_basic
D:2:      layout_loops_ring, minmay_gold_behind_fungi
D:3:      layout_loops_ring, chequers_temple_overflow_statue_of_worship,
          serial_shops, nicolae_shop_stone, chequers_garden,
          hangedman_feature_mirror, kennysheep_big_empty_room
D:4:      layout_rooms, grunt_temple_overflow_growth_and_decay

Notes
Turn   | Place    | Note
-------+----------+-------------------------------------------
     0 | D:1      | Jeffwins the Vine Stalker Wanderer began the quest for the
                  | Orb.
     0 | D:1      | Jeffwins set off with the following items: a +3 sling, a
                  | scroll of fear, a +0 robe; and the following spell
                  | memorised: Summon Small Mammal; and the following spells
                  | available to memorise: Call Canine Familiar.
     0 | D:1      | Reached XP level 1. HP: 11/11 MP: 3/3
    67 | D:1      | Reached skill level 2 in Ranged Weapons
    68 | D:1      | Reached XP level 2. HP: 15/15 MP: 4/4
   256 | D:1      | Reached skill level 2 in Fighting
   355 | D:1      | Reached skill level 1 in Stealth
   409 | D:1      | Reached XP level 3. HP: 18/18 MP: 6/6
   533 | D:1      | Learned a level 3 spell: Call Canine Familiar
  1477 | D:3      | Found a bloodstained altar of Trog.
  1480 | D:3      | Found a basalt altar of Yredelemnul.
  1674 | D:3      | Gained mutation: Your natural rate of healing is unusually
                  | fast. [Vine Stalker growth]
  1674 | D:3      | Reached XP level 4. HP: 23/23 MP: 7/7
  1849 | D:3      | Reached skill level 2 in Summonings
  1977 | D:3      | Found Sism's Magic Scroll Boutique.
  1985 | D:3      | Bought a scroll of identify for 28 gold pieces
  1985 | D:3      | Bought a scroll of identify for 28 gold pieces
  1985 | D:3      | Bought a scroll of identify for 28 gold pieces
  1985 | D:3      | Bought a scroll of teleportation for 42 gold pieces
  1985 | D:3      | Bought a scroll of noise for 14 gold pieces
  2267 | D:4      | Found an ancient bone altar of Kikubaaqudgha.
  2267 | D:4      | Found a blossoming altar of Fedhas.
  2328 | D:4      | Reached XP level 5. HP: 21/26 MP: 6/8
  2358 | D:4      | Learned a level 2 spell: Blink
  2470 | D:4      | Reached skill level 2 in Stealth
  2539 | D:4      | Slain by an iguana

Vanquished Creatures
  An iguana (D:4)
  5 adders
  An ufetubus (D:4)
  A worm (D:2)
  A dart slug (D:1)
  An orc (D:4)
  5 bats
  5 endoplasms
  3 giant cockroaches
  8 goblins
  5 hobgoblins
  3 jackals (D:3)
  4 kobolds
  4 quokkas
  4 ball pythons
  5 frilled lizards
  9 rats
65 creatures vanquished.

Table legend: (Time is in decaauts)
 A = Elapsed time spent in this place.
 B = Non-inter-level travel time spent in this place.
 C = Inter-level travel time spent in this place.
 D = Time resting spent in this place.
 E = Time spent auto-exploring this place.
 F = Levels seen in this place.
 G = Mean time per level.
                   A        B        C        D        E       F      G
               +--------+--------+--------+--------+--------+-----+--------+
         Total |   2587 |   2395 |    192 |      0 |   2005 |   4 |  646.8 |
       Dungeon |   2587 |   2395 |    192 |      0 |   2005 |   4 |  646.8 |
               +--------+--------+--------+--------+--------+-----+--------+

Top non-repeatable levels by time:
     D:2: 839 daAuts
     D:3: 834 daAuts
     D:1: 601 daAuts
     D:4: 312 daAuts

Table legend:
 A = Non-vault XP
 B = Vault XP
 C = Vault XP percentage of total XP
 D = Non-vault monster count
 E = Vault monster count
 F = Vault count percentage of total count
                 A         B        C        D         E       F
            +---------+---------+-------+---------+---------+-------
      Total |     185 |      28 |  13.1 |      57 |       8 |  12.3
            +---------+---------+-------+---------+---------+-------
        D:1 |      30 |       4 |  11.8 |      17 |       2 |  10.5
        D:2 |      26 |       0 |   0.0 |      15 |       0 |   0.0
        D:3 |      47 |      24 |  33.8 |      14 |       6 |  30.0
        D:4 |      82 |       0 |   0.0 |      11 |       0 |   0.0
            +---------+---------+-------+---------+---------+-------
